 Dungeon Crawl Stone Soup version 0.31-a0-189-ga26ba32dd1 (webtiles) character file.

Game seed: 11131060244519416005

1168 qw the Skirmisher (level 8, 0/48 HPs)
             Began as a Deep Elf Hunter on June 23, 2023.
             Slain by a white imp (2 damage)
             ... on level 6 of the Dungeon.
             The game lasted 00:01:18 (3772 turns).

qw the Skirmisher (Deep Elf Hunter)                 Turns: 3772, Time: 00:01:18

Health: 0/48       AC:  6    Str: 10    XL:     8   Next: 17%
Magic:  10/10      EV: 11    Int: 15    God:
Gold:   176        SH:  0    Dex: 18    Spells: 7/7 levels left

rFire   . . .        Y - +6 triple crossbow (elec)
rCold   . . .        (shield currently unavailable)
rNeg    . . .        g - +0 ring mail
rPois   .            (no helmet)
rElec   .            b - +0 cloak
rCorr   +            (no gloves)
SInv    .            (no boots)
Will    .....        (no amulet)
Stlth   +            d - ring of resist corrosion
HPRegen 0.28/turn    (no ring)
MPRegen 0.12/turn

%: no passive effects
@: no status effects
A: no striking features
a: no special abilities


You were on level 6 of the Dungeon.
You visited 1 branch of the dungeon, and saw 6 of its levels.

You collected 176 gold pieces.


   Skills:
 - Level 3.8 Fighting
 - Level 12.1 Ranged Weapons
 - Level 1.0 Armour
 + Level 3.0 Dodging
 - Level 1.2 Stealth


You had 7 spell levels left.
You didn't know any spells.
Your spell library was empty.

Inventory:

Hand Weapons
 Y - a +6 triple crossbow of electrocution (weapon)
Armour
 b - a +0 cloak (worn)
 g - a +0 ring mail (worn)
 i - a +1 robe of fire resistance
Jewellery
 d - a ring of resist corrosion (left hand)
Scrolls
 f - a scroll of identify
Potions
 a - a potion of haste
 c - a potion of might
 h - a potion of curing {unknown}

Dungeon Overview and Level Annotations

Branches:
Dungeon (6/15)
 Temple: D:4-7

Altars:
Sif Muna

Shops:
D:2 (


Message History

Pain shoots through your body!
You shoot a bolt. The bolt closely misses Grinder.
A white imp comes into view.
Grinder hits you.
You writhe in agony.
Grinder hits you!
You writhe in agony.
The white imp moves out of view.
3764 ||| READING scroll of teleportation.
As you read the scroll of teleportation, it crumbles to dust.
You feel strangely unstable. Grinder hits you but does no damage.
You shoot a bolt. The bolt barely misses Grinder.
Something shouts, "Scamper hence, thou frothy tickle-brained simpleton!"
Grinder gestures at you.
You struggle to resist.
You hear an angry hiss.
You hear a shout!
You shoot a bolt. The bolt hits Grinder.
Grinder is lightly wounded.
You hear a shout!
Grinder hits you but does no damage.
Grinder zaps a wand.
You easily resist.
You shoot a bolt. The bolt hits Grinder!
Grinder is moderately wounded.
Your surroundings suddenly seem different.
An iguana comes into view.
You shoot a bolt. The bolt closely misses the iguana.
You shoot a bolt. The bolt completely misses the iguana.
You shoot a bolt. The bolt hits the iguana!
The iguana is almost dead.
The iguana closely misses you.
You shoot a bolt. The bolt barely misses the iguana.
The bolt completely misses the white imp.
The bolt hits Grinder!!
Lightning courses through Grinder!
You kill Grinder!
The iguana hisses menacingly.
The iguana bites you! The iguana closely misses you.
Your Fighting skill increases to level 3!
You have reached level 8!
You feel clever.
You shoot a bolt. The bolt hits the iguana!
You kill the iguana!
An orc wizard comes into view. It is wielding a +0 dagger.
The white imp hits you. The white imp freezes you.
You die...

###########
#..@5.../$.#####
#.####.....%55.#
# ... #.# o #.#
#.# #<# #.# #)#
#.#


You could see an orc wizard and a white imp.

Vanquished Creatures
  Grinder (D:6)
  A wyvern (D:5)
  An ice beast (D:5)
  2 ogres
  A phantom (D:5)
  4 wights (D:4)
  A jelly (D:5)
  3 iguanas
  4 gnolls (D:5)
  4 adders
  2 white imps (D:5)
  3 worms
  A dart slug (D:2)
  2 orcs
  16 endoplasms
  5 giant cockroaches
  8 hobgoblins
  3 quokkas
  9 ball pythons
  11 bats
  3 frilled lizards
  7 goblins
  13 kobolds
  8 rats
113 creatures vanquished.

Notes
Turn   | Place    | Note
-------+----------+-------------------------------------------
     0 | D:1      | qw the Deep Elf Hunter began the quest for the Orb.
     0 | D:1      | Reached XP level 1. HP: 12/12 MP: 3/3
     0 | D:1      | 0 ||| qw: Version: 0.3-a-9-g12657ce
     0 | D:1      | 0 ||| qw: Game counter: 4461
     0 | D:1      | 0 ||| qw: Always use a shield: true
     0 | D:1      | 0 ||| qw: God list: Okawaru
     0 | D:1      | 0 ||| qw: Allow faded altars: false
     0 | D:1      | 0 ||| qw: Do Orc after D:15 true
     0 | D:1      | 0 ||| qw: Do second Lair branch before Depths: true
     0 | D:1      | 0 ||| qw: Lair rune preference: random
     0 | D:1      | 0 ||| qw: Plans: Normal
     0 | D:1      | 0 ||| PLANNING D:1-11
   163 | D:1      | Reached XP level 2. HP: 16/16 MP: 4/4
   164 | D:1      | Reached skill level 6 in Ranged Weapons
   581 | D:1      | Reached XP level 3. HP: 20/20 MP: 5/5
   699 | D:1      | 699 ||| READING scroll labelled RETHRON VUK.
   699 | D:1      | Identified a scroll of acquirement
   699 | D:1      | 699 ||| ACQUIRING +5 triple crossbow of electrocution
   699 | D:1      | Acquired a +5 triple crossbow of electrocution
   701 | D:1      | 701 ||| SWAPPING to +5 triple crossbow of electrocution.
   702 | D:1      | 702 ||| DROPPING +0 shortbow.
   703 | D:1      | 703 ||| READING scroll labelled OCHIGH EZURIRGH.
   704 | D:1      | 704 ||| DROPPING scroll of butterflies.
   781 | D:2      | 781 ||| UPGRADING to +0 cloak.
   786 | D:2      | 786 ||| READING scroll labelled COWKYV WIRHEO.
   844 | D:2      | 844 ||| Stepping ~*~*~tactically~*~*~ (water).
   895 | D:2      | 895 ||| Stepping ~*~*~tactically~*~*~ (water).
   903 | D:2      | Reached skill level 7 in Ranged Weapons
   986 | D:2      | Reached XP level 4. HP: 25/25 MP: 6/6
  1036 | D:2      | Found Madukhlafo's Weapon Boutique.
  1229 | D:2      | 1229 ||| READING scroll labelled VUSMOU BODOMU.
  1584 | D:3      | Found a faded altar of an unknown god.
  1729 | D:3      | Noticed a water moccasin
  1766 | D:3      | Found a shimmering blue altar of Sif Muna.
  1955 | D:3      | 1955 ||| UPGRADING to +0 ring mail.
  1965 | D:3      | 1965 ||| DROPPING +0 leather armour.
  1966 | D:3      | 1966 ||| READING 2 scrolls labelled LYXKIUM UNIWO.
  1971 | D:3      | 1971 ||| READING 2 scrolls labelled BEDENOBL WOFE.
  1988 | D:4      | Noticed an ogre
  1989 | D:4      | Killed an ogre
  1990 | D:4      | Reached skill level 8 in Ranged Weapons
  1990 | D:4      | Reached XP level 5. HP: 29/29 MP: 7/7
  2061 | D:4      | HP: 7/29 [iguana (1)]
  2062 | D:4      | 2062 ||| READING scroll of teleportation.
  2301 | D:4      | Reached skill level 9 in Ranged Weapons
  2380 | D:4      | Reached XP level 6. HP: 11/36 MP: 8/8
  2482 | D:4      | Reached skill level 10 in Ranged Weapons
  2682 | D:4      | Reached skill level 3 in Dodging
  2918 | D:4      | 2918 ||| UPGRADING to ring of resist corrosion.
  2919 | D:4      | 2919 ||| READING scroll labelled TITIET LUIST.
  2920 | D:4      | 2920 ||| DRINKING 3 inky potions.
  2921 | D:4      | 2921 ||| READING 3 scrolls of identify.
  2921 | D:4      | 2921 ||| IDENTIFYING lumpy sapphire potion
  2922 | D:4      | 2922 ||| READING 2 scrolls of identify.
  2922 | D:4      | 2922 ||| IDENTIFYING viscous blue potion
  2923 | D:4      | 2923 ||| DROPPING potion of attraction.
  2954 | D:5      | Entered Level 5 of the Dungeon
  2980 | D:5      | Reached skill level 1 in Armour
  3011 | D:5      | Noticed a wyvern
  3012 | D:5      | Killed a wyvern
  3013 | D:5      | Reached XP level 7. HP: 40/40 MP: 9/9
  3305 | D:5      | Reached skill level 11 in Ranged Weapons
  3357 | D:5      | Reached skill level 12 in Ranged Weapons
  3723 | D:5      | 3723 ||| READING 2 scrolls of identify.
  3723 | D:5      | 3723 ||| IDENTIFYING purple potion
  3754 | D:6      | 3754 ||| PLANNING SEWER
  3756 | D:6      | Noticed Grinder
  3761 | D:6      | 3761 ||| DRINKING 2 potions of cancellation.
  3762 | D:6      | 3762 ||| DRINKING potion of cancellation.
  3763 | D:6      | HP: 9/40 [Grinder (4)]
  3764 | D:6      | 3764 ||| READING scroll of teleportation.
  3771 | D:6      | Killed Grinder
  3771 | D:6      | HP: 3/40 [iguana (10)]
  3772 | D:6      | Reached skill level 3 in Fighting
  3772 | D:6      | Reached XP level 8. HP: 3/48 MP: 10/10
  3772 | D:6      | Slain by a white imp

Levels and vault maps discovered:
D:1:      scummos_arrival_simple_fountains, layout_loops_ring, minmay_cupped
D:2:      layout_rooms, serial_shops, nicolae_shop_real_fake_doors,
          serial_bayou, serial_bayou_lagoon_b, serial_bayou_lake_a,
          serial_bayou_crossing, serial_bayou_shore_b, serial_bayou_pond_b,
          hangedman_decor_clover_reticule, kennysheep_generic_room_6
D:3:      wad_crossroads, layout_basic, nicolae_sif_muna_condensation,
          shapermc_ecumenical_altar_petra, lightli_corner_chamber
D:4:      layout_gridville, ebering_dispersal_statue_hall
D:5:      layout_loops_corners, nicolae_sextant
D:6:      layout_loops_ring, mainiacjoe_overflow_catwalk,
          lightli_sewer_entry_pipes, item_on_display_a, uniq_grinder,
          uniq_menkaure, uniq_pikel

Skill      XL: |  1  2  3  4  5  6  7 |
---------------+----------------------+-----
Ranged Weapons | 6 7 8 9 10 12 | 12.1
Fighting       | 2 3 |  3.8
Dodging        | 3 |  3.0
Armour         | 1 |  1.0
Stealth        | |  1.2

Action                     |  1- 3 |  4- 6 |  7- 9 || total
---------------------------+-------+-------+-------++-------
   Fire: Shortbow          |    59 |       |       ||    59
         Triple crossbow   |    37 |    96 |    23 ||   156
    Use: Scroll            |     3 |     7 |     2 ||    12
         Potion            |       |     1 |     2 ||     3
 Armour: Leather armour    |    13 |     2 |       ||    15
         Ring mail         |       |     5 |     2 ||     7
  Dodge: Dodged            |    20 |    30 |     4 ||    54

Table legend:
 A = Non-vault XP
 B = Vault XP
 C = Vault XP percentage of total XP
 D = Non-vault monster count
 E = Vault monster count
 F = Vault count percentage of total count
                 A         B        C        D         E       F
            +---------+---------+-------+---------+---------+-------
      Total |    1397 |     309 |  18.1 |      99 |      14 |  12.4
            +---------+---------+-------+---------+---------+-------
        D:1 |      38 |       6 |  13.6 |      24 |       3 |  11.1
        D:2 |      65 |      12 |  15.6 |      25 |       6 |  19.4
        D:3 |      18 |      10 |  35.7 |      11 |       4 |  26.7
        D:4 |     481 |       0 |   0.0 |      22 |       0 |   0.0
        D:5 |     723 |       0 |   0.0 |      15 |       0 |   0.0
        D:6 |      72 |     281 |  79.6 |       2 |       1 |  33.3
            +---------+---------+-------+---------+---------+-------
